 Dungeon Crawl Stone Soup version 0.29.1-1-gd02db6906a (webtiles) character file.

Game seed: 5288536633571865978

4983 Doomgape the Transmogrifier (level 10, -3/97 (99) HPs)
             Began as a Troll Transmuter on Sept 17, 2022.
             Was an Initiate of Gozag.
             Slain by a wight
             ... wielding a +4 battleaxe
              (16 damage)
             ... on level 9 of the Dungeon.
             The game lasted 00:26:03 (7387 turns).

Doomgape the Transmogrifier (Troll Transmuter)      Turns: 7387, Time: 00:26:03

HP:   -3/97 (99)    AC:  7    Str: 24    XL:     10   Next: 29%
MP:   14/16         EV:  9    Int: 19    God:    Gozag
Gold: 683           SH:  0    Dex: 10    Spells: 12/19 levels left

rFire   . . .      SeeInvis .     - Unarmed
rCold   + + +      Faith    .   (shield currently unavailable)
rNeg    . . .      Spirit   .   (body armour currently unavailable)
rPois   +          Reflect  .   (helmet currently unavailable)
rElec   .          Harm     .   (cloak currently unavailable)
rCorr   +          Rampage  .   (gloves unavailable)
Will    .....                   (boots unavailable)
Stlth   +.........              (no amulet)
HPRegen 1.06/turn               F - ring "Cubbey" {+Blink rC- rCorr Int+4 Slay+4}
MPRegen 0.15/turn               e - ring of the Turtledove {rF+ rC+ Int+6}

@: ice-form, gold aura, lightly drained
A: freezing attack, amphibious, boosted hp, large, unfitting armour, (claws 3),
regeneration 1, (shaggy fur 1), (tough skin 1), (hooves 1)
a: End Transformation, Renounce Religion, Evoke Blink, Potion Petition, Call
Merchant, Bribe Branch


You were on level 9 of the Dungeon.
You worshipped Gozag.
Gozag was pleased with you.
You were a creature of crystalline ice.
You visited 2 branches of the dungeon, and saw 10 of its levels.

You collected 863 gold pieces.
You paid 180 gold pieces to Gozag.

Inventory:

Missiles
 h - 5 throwing nets
Armour
 w - a +1 robe of resistance (melded)
Magical Staves
 b - a staff of death
 C - a staff of cold
Jewellery
 e - the ring of the Turtledove (right front paw) {rF+ rC+ Int+6}
   (You acquired it on level 2 of the Dungeon)

   [ring of intelligence]

   Int:       It affects your intelligence (+6).
   rF:        It protects you from fire.
   rC:        It protects you from cold.
 f - a ring of see invisible
 g - a ring of protection from fire
 n - a ring of flight
 p - a ring of resist corrosion
 r - a ring of poison resistance
 v - a ring of magical power
 F - the ring "Cubbey" (left front paw) {+Blink rC- rCorr Int+4 Slay+4}
   (You found it on level 9 of the Dungeon)

   [ring of slaying]

   Int:       It affects your intelligence (+4).
   Slay:      It affects your accuracy & damage with ranged weapons and melee
   (+4).
   rC:        It makes you vulnerable to cold.
   +Blink:    It lets you blink.
   rCorr:     It protects you from acid and corrosion.
Wands
 a - a wand of flame (23)
 i - a wand of acid (9)
 t - a wand of paralysis (13)
 x - a wand of roots (8)
 y - a wand of digging (8)
Scrolls
 c - 3 scrolls of teleportation
 l - 2 scrolls of poison
 m - 3 scrolls of enchant weapon
 o - 4 scrolls of identify
 s - a scroll of enchant armour
Potions
 d - 3 potions of flight
 j - a potion of might
 k - a potion of attraction
 q - a potion of resistance
 u - 2 potions of cancellation
 z - a potion of curing
 A - a potion of haste
 B - a potion of heal wounds
 E - a potion of magic


   Skills:
 - Level 0.7 Fighting
 - Level 1.5 Dodging
 - Level 7.2 Unarmed Combat
 - Level 5.0 Spellcasting
 + Level 9.0 Transmutations


You had 12 spell levels left.
You knew the following spells:

 Your Spells              Type           Power      Damage    Failure   Level
a - Beastly Appendage     Tmut           78%        N/A       1%          1
b - Ice Form              Ice/Tmut       21%        N/A       19%         4
c - Wereblood             Tmut           39%        N/A       1%          2

Your spell library contained the following spells:

 Spells                   Type           Power      Damage    Failure   Level
 Spider Form              Tmut/Pois      21%        N/A       6%          3
 Sublimation of Blood     Necr           4%         N/A       19%         2
 Summon Guardian Golem    Hex/Summ       4%         N/A       36%         3
 Orb of Destruction       Conj           2%         9d5       100%        7
 Spellforged Servitor     Conj/Summ      2%         N/A       100%        7
 Summon Hydra             Summ           2%         N/A       100%        7


Dungeon Overview and Level Annotations

Branches:
Dungeon (9/15)             Temple (1/1) D:5             Orc (0/2) D:9
   Lair: D:8-11

Altars:
Ashenzari
Cheibriados
Dithmenos
Elyvilon
Fedhas
Gozag
Hepliaklqana
Kikubaaqudgha
Makhleb
Nemelex Xobeh
Okawaru
Qazlal
Ru
Sif Muna
Trog
Uskayaw
Vehumet
Wu Jian
Xom
Yredelemnul
Zin
The Shining One


Innate Abilities, Weirdness & Mutations

You are a creature of crystalline ice.
You have a powerful freezing melee attack.
You are amphibious.
Your maximum health is increased.
Your armour is entirely melded.
You are incapable of wielding weapons or throwing items.
You are too large for most types of armour.
((You have claws for hands.))
Your natural rate of healing is unusually fast.
((You are covered in fur. (AC +1)))
((You have tough skin. (AC +1)))
((You have large cloven feet.))


Message History

You feel a bit more experienced.
The wight is no longer distracted by gold.
The wight hits you but does no damage.
The wight hits you from afar with a +0 trident.
The orc hits you but does no damage.
Your Transmutations skill increases to level 9!
You pummel the orc!! You freeze the orc.
You kill the orc!
The orc is no longer distracted by gold.
The wight hits you from afar with a +0 trident!
The orc barely misses you. The wight hits you with a +4 battleaxe.
The orc hits you with a +0 trident.
You barely miss the orc.
The wight is no longer distracted by gold.
The orc is distracted by your dazzling golden aura.
An orc comes into view. It is wielding a +0 club.
The wight hits you from afar with a +0 trident.
The orc is distracted by your dazzling golden aura.
The wight hits you with a +4 battleaxe!
* * * LOW HITPOINT WARNING * * *
The orc completely misses you. The orc hits you but does no damage.
You barely miss the orc.
The orc shouts!
The wight hits you from afar with a +0 trident!
* * * LOW HITPOINT WARNING * * *
The wight barely misses you. The orc hits you with a +0 trident.
* * * LOW HITPOINT WARNING * * *
The orc hits you but does no damage.
As you read the scroll of fear, it crumbles to dust.
You assume a fearsome visage.
The orc looks frightened! x10
The orc shouts!
The wight is unaffected. x4
You hear a shout!
You hear an angry buzzing noise.
A killer bee comes into view. x2
The wight hits you from afar with a +0 trident!
* * * LOW HITPOINT WARNING * * *
The orc supplicates, "Please!
I have a lot of children!"
The wight hits you with a +4 battleaxe!
You die...
Your body crumbles into a pile of gold. #)))# .. #.8.# .8. #...## #o. ####'###'# ##.o.# #ooo#

##o..#
####o###'#
#zoY##
.....z8ozoo...8
....#.z.#####yy
... ##### . $


You could see 2 killer bees, 4 wights and 11 orcs.

Vanquished Creatures
  The ghost of Doomgape the Ruffian, an amateur MiTm (D:5)
  Eustachio (D:5)
  A steam dragon (D:8)
  Menkaure (D:5)
  3 water moccasins
  Duvessa (D:5)
  4 ice beasts
  4 orc warriors
  2 sky beasts (D:7)
  2 black bears
  A wolf (D:6)
  3 ogres
  A centaur (D:7)
  A phantom (D:5)
  A kobold brigand (D:5)
  A bullfrog (D:7)
  A gnoll sergeant (D:6)
  A water moccasin zombie (D:5)
  A scorpion (D:6)
  4 wights
  Dowan (D:5)
  A howler monkey (D:5)
  A centaur skeleton (D:5)
  5 hounds
  2 jellies
  12 orc priests
  6 gnoll boudas
  4 iguanas
  19 orc wizards
  Robin (D:2)
  22 gnolls
  3 adders
  2 white imps
  2 ufetubi
  2 worms
  A dart slug (D:4)
  55 orcs
  7 bats
  15 endoplasms
  16 goblins
  2 hobgoblins
  2 jackals (D:6)
  13 kobolds
  5 quokkas
  4 ball pythons
  7 frilled lizards
  5 rats
250 creatures vanquished.

Notes
Turn   | Place    | Note
-------+----------+-------------------------------------------
     0 | D:1      | Doomgape the Troll Transmuter began the quest for the Orb.
     0 | D:1      | Reached XP level 1. HP: 18/18 MP: 1/1
   214 | D:1      | Reached XP level 2. HP: 19/26 MP: 2/2
   686 | D:2      | Found a faded altar of an unknown god.
   722 | D:2      | Reached XP level 3. HP: 32/32 MP: 1/3
   730 | D:2      | Reached XP level 4. HP: 39/40 MP: 2/4
   761 | D:2      | Reached skill level 5 in Unarmed Combat
   843 | D:2      | Noticed Robin
   862 | D:2      | Killed Robin
   885 | D:2      | Identified a scroll of acquirement
   885 | D:2      | Acquired the ring of the Turtledove {rF+ rC+ Int+6}
  1096 | D:2      | Reached XP level 5. HP: 43/46 MP: 5/5
  1383 | D:2      | Gained mutation: You have large cloven feet. [potion of
                  | mutation]
  1705 | D:3      | Learned a level 4 spell: Ice Form
  2183 | D:4      | Found a blossoming altar of Fedhas.
  2248 | D:4      | Noticed an ogre
  2257 | D:4      | Killed an ogre
  2258 | D:4      | Reached XP level 6. HP: 54/54 MP: 6/6
  3140 | D:5      | Entered Level 5 of the Dungeon
  3146 | D:5      | Noticed Eustachio
  3149 | D:5      | Reached skill level 2 in Transmutations
  3214 | D:5      | Killed Eustachio
  3215 | D:5      | Reached XP level 7. HP: 24/61 MP: 7/9
  3370 | D:5      | Reached skill level 3 in Transmutations
  3424 | D:5      | Found a shimmering altar of Xom.
  3424 | D:5      | Found a glowing silver altar of Zin.
  3424 | D:5      | Found a basalt altar of Yredelemnul.
  3462 | D:5      | Found a hide-covered altar of Uskayaw.
  3484 | D:5      | Noticed a +0 dagger
  3484 | D:5      | Noticed a +0 hand axe
  3505 | D:5      | Found a staircase to the Ecumenical Temple.
  3505 | D:5      | Noticed Menkaure
  3511 | D:5      | Killed Menkaure
  3512 | D:5      | Reached XP level 8. HP: 53/68 MP: 9/11
  3544 | D:5      | Reached skill level 4 in Transmutations
  3547 | Temple   | Entered the Ecumenical Temple
  3883 | D:5      | Found a broken altar of Ashenzari.
  3983 | D:5      | Noticed Duvessa
  3986 | D:5      | Noticed Dowan
  3994 | D:5      | Killed Duvessa
  4011 | D:5      | Killed Dowan
  4051 | D:5      | Found a runed translucent gate.
  4052 | D:5      | Found a runed translucent gate.
  4053 | D:5      | Found a runed translucent gate.
  4057 | D:5      | Noticed Doomgape's ghost (amateur MiTm)
  4292 | D:5      | Killed Doomgape's ghost
  4305 | D:5      | Reached skill level 5 in Transmutations
  4492 | D:6      | Learned a level 2 spell: Wereblood
  4649 | D:6      | Found a large runed translucent door.
  4651 | D:6      | Found a large runed translucent door.
  4821 | D:6      | Reached XP level 9. HP: 62/75 MP: 14/14
  4842 | D:6      | Found a radiant altar of Vehumet.
  4845 | D:6      | Found an ornate altar of the Wu Jian Council.
  5051 | D:6      | Reached skill level 5 in Spellcasting
  5053 | D:6      | Reached skill level 6 in Transmutations
  5487 | D:7      | Reached skill level 7 in Transmutations
  5510 | D:7      | Found Emizomp's Jewellery Shop.
  5834 | D:7      | Identified the +1 leather armour of the Nine Wishes
                  | {*Corrode *Slow rPois rF+++}
  6073 | D:7      | Reached skill level 8 in Transmutations
  6243 | D:8      | Reached XP level 10. HP: 80/83 MP: 14/16
  6422 | D:8      | Found an iron altar of Okawaru.
  6639 | D:8      | Found an opulent altar of Gozag.
  6709 | D:8      | Became a worshipper of Gozag Ym Sagoz the Greedy
  6948 | D:9      | Found a burning altar of Makhleb.
  6948 | D:9      | Found a white marble altar of Elyvilon.
  6948 | D:9      | Found a snail-covered altar of Cheibriados.
  6950 | D:9      | Found a sacrificial altar of Ru.
  6950 | D:9      | Found a shadowy altar of Dithmenos.
  7255 | D:9      | Identified the ring "Cubbey" {+Blink rC- rCorr Int+4
                  | Slay+4}
  7344 | D:9      | Found a staircase to the Orcish Mines.
  7384 | D:9      | Reached skill level 9 in Transmutations
  7387 | D:9      | Slain by a wight

Illustrated notes

Levels and vault maps discovered:
D:1:      matt_arrival_los_fun, layout_loops_ring
D:2:      cheibrodos_pilgrimage, layout_loops_ring, nicolae_ecumenical_pavilion,
          uniq_robin
D:3:      layout_basic
D:4:      layout_basic, mainiacjoe_overflow_surrounded_room,
          kennysheep_orc_chapel
D:5:      layout_basic, cheibrodos_ashenzari_chains,
          chequers_temple_overflow_statue_of_worship, dancing_weapons_uskayaw,
          minmay_temple_entry_arrows, gammafunk_ghost_necromancy,
          chequers_serial_rivers_marsh, uniq_menkaure, uniq_duvessa,
          uniq_eustachio
D:6:      layout_cave_pools, jmf_multi_god_temple2, serial_gnoll_camp,
          gnoll_camp_mini_house, gnoll_camp_mini_hut, gnoll_camp_medium_02,
          gnoll_camp_mini_house, chequers_serial_rivers_marsh,
          kennysheep_generic_room_15
D:7:      layout_basic, serial_shops, shop, minmay_strange_pillars
D:8:      layout_basic, mainiacjoe_overflow_catch_the_wave, serial_corexii_hall,
          corexii_hall_statues_t, corexii_hall_statues_i,
          corexii_hall_statues_i, chequers_hall_statues_corner_a
D:9:      layout_roguey, grunt_temple_overflow_open, hiddenorc2_lemuel
Temple:   hellmonk_temple_of_storms

Skill      XL: |  1  2  3  4  5  6  7  8  9 10 |
---------------+-------------------------------+-----
Unarmed Combat | 4 5 7 |  7.2
Transmutations | 2 3 5 8 9 |  9.0
Spellcasting   | 2 3 4 5 |  5.0
Fighting       | |  0.7
Dodging        | |  1.5

Action                   |  1- 3 |  4- 6 |  7- 9 | 10-12 || total
-------------------------+-------+-------+-------+-------++-------
Melee: Unarmed           |    52 |   166 |   302 |   122 ||   642
       Punch             |     2 |     3 |     7 |     2 ||    14
       Kick              |     2 |    15 |    86 |    21 ||   124
       Headbutt          |       |     9 |    32 |    11 ||    52
 Cast: Beastly Appendage |     1 |    14 |    39 |     8 ||    62
       Ice Form          |       |       |       |     2 ||     2
Evoke: Wand              |       |     2 |     2 |     2 ||     6
  Use: Potion            |     1 |     3 |     5 |     1 ||    10
       Scroll            |       |     8 |     5 |     4 ||    17
 Stab: Sleeping          |     3 |       |       |       ||     3
       Paralysed         |       |     5 |       |       ||     5
       Distracted        |       |     1 |       |     1 ||     2
Armor: Robe              |    14 |    51 |    79 |    22 ||   166
       Skin              |       |       |       |    20 ||    20
Dodge: Dodged            |    14 |    66 |   120 |    58 ||   258
